 Dungeon Crawl Stone Soup version 0.28-a0-1389-gc726bef33b (webtiles) character file.

Game seed: 18285689629959532636

42613 Conn the Arsonist (level 14, -1/81 HPs)
             Began as an Octopode Fire Elementalist on Jan 3, 2022.
             Was a High Priest of Sif Muna.
             Slain by a spriggan (13 damage)
             ... on level 6 of the Lair of Beasts on Jan 4, 2022.
             The game lasted 01:25:14 (22193 turns).

Conn the Arsonist (Octopode Fire Elementalist)     Turns: 22193, Time: 01:25:14

Health: -1/81      AC: 11    Str: 10    XL:     14   Next: 20%
Magic:  26/29      EV: 15    Int: 23    God:    Sif Muna [*****.]
Gold:   620        SH:  5    Dex: 16    Spells: 5/35 levels left

rFire   + . .      SeeInvis +   h - +9 dagger of Wewix {protect, rN+}
rCold   + . .      Faith    .   d - +1 buckler
rNeg    + + .      Spirit   .   (helmet restricted)
rPois   +          Reflect  .   o - amulet of magic regeneration
rElec   +          Harm     .   s - ring of willpower
rCorr   +          Rampage  .   a - ring "Qunatsic" {rElec rN+ SInv}
Will    ++...                   u - ring "Avene" {Wiz rF+ Str+3 Dex+4}
Stlth   +++++.....              b - +4 ring of protection
HPRegen 0.23/turn               n - ring of poison resistance
MPRegen 0.61/turn               K - ring of resist corrosion
                                E - +4 ring of protection
                                J - ring of protection from cold

@: no status effects
A: almost no armour, amphibious, 8 rings, camouflage 1, gelatinous body 1,
(nimble swimmer 1), tentacles, iridescent scales 1
a: Renounce Religion, Channel Magic, Forget Spell, Divine Exegesis


You were on level 6 of the Lair of Beasts.
You worshipped Sif Muna.
Sif Muna was extremely pleased with you.
You visited 4 branches of the dungeon, and saw 19 of its levels.
You also visited: Ice Cave.

You collected 1000 gold pieces.
You spent 380 gold pieces at shops.

Inventory:

Hand Weapons
 h - the +9 dagger of Wewix (weapon) {protect, rN+}
   (You found it on level 2 of the Dungeon)

   It grants its wielder temporary protection when it strikes (+7 to AC).
   rN:        It protects you from negative energy.
Missiles
 r - 90 poisoned darts (quivered)
 B - 4 atropa-tipped darts
Armour
 d - a +1 buckler (worn)
Jewellery
 a - the ring "Qunatsic" (right tentacle) {rElec rN+ SInv}
   (You acquired it on level 5 of the Dungeon)

   [ring of positive energy]

   rElec:     It insulates you from electricity.
   rN:        It protects you from negative energy.
   SInv:      It lets you see invisible.
 b - a +4 ring of protection (on tentacle)
 n - a ring of poison resistance (on tentacle)
 o - an amulet of magic regeneration (around mantle)
 s - a ring of willpower (left tentacle)
 u - the ring "Avene" (on tentacle) {Wiz rF+ Str+3 Dex+4}
   (You found it on level 6 of the Dungeon)

   [ring of wizardry]

   It improves your spell success rate.
   Str:       It affects your strength (+3).
   Dex:       It affects your dexterity (+4).
   rF:        It protects you from fire.
 v - a ring of flight
 D - an amulet of faith
 E - a +4 ring of protection (on tentacle)
 G - a ring of wizardry
 J - a ring of protection from cold (on tentacle)
 K - a ring of resist corrosion (on tentacle)
Wands
 j - a wand of flame (33)
 p - a wand of charming (9)
 y - a wand of paralysis (7)
 C - a wand of digging (22)
 L - a wand of acid (2)
Scrolls
 f - 2 scrolls of amnesia
 g - a scroll of torment
 i - a scroll of fog
 l - a scroll of teleportation
 q - a scroll of brand weapon
 w - a scroll of holy word
 x - a scroll of silence
 F - a scroll of enchant weapon {unknown}
 I - a scroll of immolation
Potions
 c - 2 potions of might
 e - a potion of berserk rage
 m - 2 potions of attraction
 t - a potion of resistance
 z - 2 potions of mutation
 A - a potion of curing
 O - a potion of haste {unknown}
Miscellaneous
 M - a box of beasts
 N - a lightning rod (4/4)


   Skills:
 + Level 2.5 Fighting
 + Level 4.3 Short Blades
 + Level 4.9 Dodging
 + Level 8.8 Stealth
 + Level 1.4 Shields
 + Level 11.1 Spellcasting
 + Level 8.3 Conjurations
 - Level 6.4 Hexes
 - Level 6.4 Summonings
 + Level 11.5 Fire Magic
 + Level 4.1 Ice Magic
 * Level 4.8 Air Magic
 - Level 8.4 Invocations
 + Level 0.2 Evocations


You had 5 spell levels left.
You knew the following spells:

 Your Spells              Type           Power      Damage    Failure   Level
a - Foxfire               Conj/Fire      100%       2x1d9     1%          1
b - Conjure Flame         Conj/Fire      55%        6-21      1%          3
c - Inner Flame           Hex/Fire       52%        N/A       1%          3
d - Flame Wave            Conj/Fire      55%        2d9       1%          4
e - Scorch                Fire           100%       2d10      1%          2
f - Summon Guardian Gole  Hex/Summ       42%        N/A       1%          3
g - Sticky Flame          Conj/Fire      55%        2d7       1%          4
h - Ozocubu's Armour      Ice            32%        N/A       1%          3
i - Lightning Bolt        Conj/Air       21%        1d36      5%          5
j - Static Discharge      Conj/Air       43%        N/A       1%          2

Your spell library contained the following spells:

 Spells                   Type           Power      Damage    Failure   Level
 Summon Small Mammal      Summ           100%       N/A       1%          1
 Poisonous Vapours        Pois/Air       46%        N/A       1%          2
 Call Canine Familiar     Summ           42%        N/A       1%          3
 Animate Skeleton         Necr           24%        N/A       2%          1
 Pain                     Necr           48%        1d6       2%          1
 Vampiric Draining        Necr           12%        2d6       9%          3
 Metabolic Englaciation   Hex/Ice        18%        N/A       9%          5
 Dispel Undead            Necr           12%        3d9       26%         4
 Borgnjor's Vile Clutch   Necr/Erth      6%         N/A       56%         5
 Excruciating Wounds      Necr           6%         N/A       56%         5
 Simulacrum               Ice/Necr       11%        N/A       85%         6
 Death Channel            Necr           6%         N/A       98%         6
 Maxwell's Capacitive Co  Air            17%        ∞         100%        8


Dungeon Overview and Level Annotations

Branches:
Dungeon (10/15)            Temple (1/1) D:5            Lair (6/6) D:8
 Shoals (0/4) Lair:4       Spider (0/4) Lair:2        Slime (0/5) Lair:6
    Orc (2/2) D:10          IceCv (visited)
    Elf: Orc:2

Altars:
Ashenzari
Fedhas
Gozag
Hepliaklqana
Kikubaaqudgha
Makhleb
Okawaru
Ru
Sif Muna
Uskayaw
Xom
Yredelemnul
Zin
Jiyva

Shops:
D:3 *   D:5 *   Orc:1 (   Orc:2 ?*

Annotations:
Lair:4 exclusion: 2 oklob plants


Innate Abilities, Weirdness & Mutations

You cannot wear most types of armour.
You are amphibious.
You can wear up to eight rings at the same time.
Your skin changes colour to match your surroundings (Stealth+).
Your rubbery body absorbs attacks. (AC +1, EV +1)
((You are camouflaged when in or above water. (Stealth+)))
You have tentacles for arms and can constrict up to eight enemies at once.
You are partially covered in iridescent scales. (AC +2)


Message History

Flame seeps out of the elephant.
The forest fire spreads!
Okay, then.
Blink to where?
Press: ? - help, Dir - move target
As you read the scroll of blinking, it crumbles to dust.
Your surroundings suddenly seem different. 2 polar bears, 5 spriggans and a dream sheep come into view.
Found a ring mail, a hunting sling, a quarterstaff and 25 gold pieces.
The spriggan shouts! x4
You block the dream sheep's attack.
Okay, then.
Okay, then.
Okay, then.
Unknown command.
Unknown command.
Okay, then.
Unknown command.
Okay, then.
Unknown command.
Unknown command.
Okay, then.
Unknown command.
Aiming: Charm
Press: ? - help, Shift-Dir - straight line, f - spriggan
Aim: a spriggan, wielding a +0 short sword and wearing a +0 robe (chance to affect: 17%)
Okay, then.
Okay, then.
Okay, then.
You feel better. The dream sheep misses you. The spriggan barely misses you.
The spriggan hits you with a +0 dagger.
* * * LOW HITPOINT WARNING * * *
Okay, then.
The spriggan completely misses you. You block the spriggan's attack.
Okay, then.
Unknown command.
Unknown command.
Okay, then.
A wolf comes into view.
The spriggan hits you with a +0 dagger!
You die...

♣♣♣♣♣♣
♣.)8)♣♣
♣♣♣iY[..♣.
♣@i.....$..
♣h.ii.....♣♣
♣..♣♣♣..hi.♣
♣.♣♣ ♣♣♣♣♣♣
♣.. ♣.. ♣h
♣. ♣♣ ♣♣.♣♣


You could see 2 polar bears, 5 spriggans, a wolf (asleep) and a dream sheep.

Vanquished Creatures
  A minotaur (Lair:1)
  5 hydras
  A catoblepas (Lair:2)
  2 two-headed ogres
  5 death yaks
  An ugly thing (IceCv)
  An oklob plant (Lair:5)
  An ice statue (IceCv)
  4 black mambas
  19 cane toads
  A centaur zombie (D:10)
  Psyche (D:8)
  2 torpor snails
  4 rime drakes
  13 komodo dragons
  2 polar bears
  A troll (D:10)
  Prince Ribbit (D:5)
  3 slime creatures (D:10)
  6 dream sheep (Lair:4)
  9 blink frogs
  A wyvern (Lair:3)
  24 yaks
  A vampire (D:6)
  A fire bat (D:4)
  A wraith (D:7)
  5 basilisks
  4 steam dragons
  A warg (Orc:1)
  Duvessa (D:5)
  3 water moccasins
  8 orc warriors
  2 sky beasts (D:7)
  A hornet zombie (D:7)
  A black bear (D:6)
  An ice beast (D:5)
  4 ogres
  10 wolves
  3 necrophages
  6 centaurs
  A kobold brigand (D:8)
  12 bullfrogs
  A gnoll sergeant (Orc:1)
  A cane toad simulacrum (IceCv)
  2 scorpions
  A water moccasin zombie (D:5)
  Dowan (D:5)
  A wyvern skeleton (D:7)
  An elephant simulacrum (IceCv)
  A killer bee (D:7)
  2 howler monkeys (D:10)
  A bullfrog zombie (D:6)
  A gnoll shaman (D:8)
  3 hounds
  5 orc priests
  A bullfrog skeleton (D:6)
  Jessica (D:3)
  7 orc wizards
  3 iguanas
  A polar bear simulacrum (IceCv)
  2 wolf simulacra (IceCv)
  A howler monkey zombie (D:9)
  8 gnolls
  5 adders
  3 white imps
  A worm (D:3)
  4 dart slugs
  28 orcs
  10 ball pythons
  8 endoplasms
  2 giant cockroaches
  A goblin (D:4)
  4 hobgoblins
  9 kobolds
  6 quokkas
  3 bats
  3 frilled lizards (D:1)
  9 rats
  2 bushes (Lair:4)
317 creatures vanquished.

Vanquished Creatures (collateral kills)
  5 elephants (Lair:3)
  11 foxfires
16 creatures vanquished.

Vanquished Creatures (others)
  Rupert (Lair:4)
  The ghost of Zuwoupta the Covert, a journeyman HuAr of Trog (Lair:1)
  A death yak (D:8)
  2 ice statues (IceCv)
  A komodo dragon (Lair:3)
  A freezing wraith (IceCv)
  An entropy weaver simulacrum (IceCv)
  A dire elephant simulacrum (IceCv)
  A death yak simulacrum (IceCv)
  A centaur (D:7)
  An orc (D:7)
  1656 foxfires
  20 fungi
  39 plants
1727 creatures vanquished.

Grand Total: 2060 creatures vanquished

Notes
Turn   | Place    | Note
-------+----------+-------------------------------------------
     0 | D:1      | Conn the Octopode Fire Elementalist began the quest for the
                  | Orb.
     0 | D:1      | Reached XP level 1. HP: 11/11 MP: 3/3
   497 | D:1      | Reached XP level 2. HP: 17/17 MP: 0/5
  1137 | D:1      | Reached XP level 3. HP: 21/21 MP: 0/6
  1742 | D:2      | Found a blossoming altar of Fedhas.
  1863 | D:2      | Found a faded altar of an unknown god.
  2151 | D:2      | Identified the +9 dagger of Wewix {protect, rN+}
  2242 | D:2      | Reached XP level 4. HP: 27/27 MP: 3/8
  2571 | D:3      | Noticed a scorpion
  2577 | D:3      | Killed a scorpion
  2599 | D:3      | Reached XP level 5. HP: 26/31 MP: 9/9
  2685 | D:3      | Identified the +0 leather armour "Edurris" {*Slow +Inv
                  | Dex+3 SInv}
  2731 | D:3      | Found Honeq's Assorted Antiques.
  2868 | D:3      | Noticed Jessica
  2872 | D:3      | Killed Jessica
  3072 | D:3      | Found an iron altar of Okawaru.
  3278 | D:4      | Found a transporter.
  3425 | D:4      | Noticed an ogre
  3438 | D:4      | Killed an ogre
  3439 | D:4      | Reached XP level 6. HP: 30/36 MP: 7/11
  3865 | D:4      | Found a transporter.
  3865 | D:4      | Noticed a fire bat
  4015 | D:4      | Killed a fire bat
  4016 | D:4      | Reached skill level 1 in Short Blades
  4341 | D:5      | Entered Level 5 of the Dungeon
  4369 | D:5      | Identified a scroll of acquirement
  4369 | D:5      | Acquired the ring "Qunatsic" {rElec rN+ SInv}
  4393 | D:5      | Found Ehaesapt's Assorted Antiques.
  4422 | D:5      | Noticed Prince Ribbit
  4440 | D:5      | HP: 1/37 [Prince Ribbit (9)]
  4445 | D:5      | Killed Prince Ribbit
  4446 | D:5      | Reached skill level 5 in Fire Magic
  4446 | D:5      | Reached XP level 7. HP: 2/42 MP: 7/13
  4915 | D:5      | Noticed Dowan
  4920 | D:5      | Noticed Duvessa
  4936 | D:5      | Killed Duvessa
  4937 | D:5      | Reached skill level 1 in Fighting
  4937 | D:5      | Reached XP level 8. HP: 33/48 MP: 12/14
  4942 | D:5      | Killed Dowan
  5105 | D:5      | Reached skill level 5 in Stealth
  5109 | D:5      | Learned a level 3 spell: Conjure Flame
  5113 | D:5      | Learned a level 3 spell: Inner Flame
  5118 | D:5      | Learned a level 4 spell: Flame Wave
  5121 | D:5      | Learned a level 2 spell: Scorch
  5216 | D:5      | Found a staircase to the Ecumenical Temple.
  5255 | Temple   | Entered the Ecumenical Temple
  5336 | Temple   | Became a worshipper of Sif Muna the Loreminder
  5733 | D:6      | Learned a level 3 spell: Summon Guardian Golem
  5932 | D:6      | Identified the ring "Avene" {Wiz rF+ Str+3 Dex+4}
  5961 | D:6      | Found a burning altar of Makhleb.
  6070 | D:6      | Noticed a vampire
  6115 | D:6      | Killed a vampire
  6116 | D:6      | Reached skill level 5 in Spellcasting
  6116 | D:6      | Reached skill level 1 in Invocations
  6123 | D:6      | Reached skill level 1 in Hexes
  6123 | D:6      | Reached skill level 1 in Summonings
  6123 | D:6      | Reached XP level 9. HP: 16/54 MP: 5/16
  7483 | D:7      | Reached * piety under Sif Muna
  7960 | D:7      | Noticed a six-headed hydra
  8046 | D:7      | Killed a six-headed hydra
  8047 | D:7      | Reached XP level 10. HP: 25/60 MP: 9/18
  9054 | D:8      | Identified the +1 leather armour "Cyuhoishrod" {Drain rC+
                  | Str+3 Int+2}
  9070 | D:8      | Found a staircase to the Lair.
  9070 | D:8      | Noticed a death yak
  9071 | D:8      | Noticed a death yak
  9071 | D:8      | Noticed a death yak
  9090 | D:8      | Killed a death yak
  9117 | D:8      | Killed a death yak
  9118 | D:8      | Reached skill level 5 in Conjurations
  9133 | D:8      | Killed a death yak
  9378 | D:8      | Noticed Psyche
  9383 | D:8      | Killed Psyche
  9384 | D:8      | Reached skill level 5 in Invocations
  9703 | D:9      | Found a hazy altar of Hepliaklqana.
  9711 | D:9      | Noticed an eight-headed hydra
  9729 | D:9      | Killed an eight-headed hydra
  9730 | D:9      | Reached XP level 11. HP: 64/64 MP: 17/21
 10114 | D:9      | Noticed a two-headed ogre
 10122 | D:9      | Killed a two-headed ogre
 10122 | D:9      | Reached ** piety under Sif Muna
 10387 | D:9      | Found an ancient bone altar of Kikubaaqudgha.
 10398 | D:9      | Reached skill level 5 in Hexes
 10567 | D:10     | Entered Level 10 of the Dungeon
 10758 | D:10     | Reached skill level 5 in Summonings
 10771 | D:10     | Noticed a two-headed ogre
 10780 | D:10     | Killed a two-headed ogre
 10959 | D:10     | Found a staircase to the Orcish Mines.
 11500 | Orc:1    | Entered Level 1 of the Orcish Mines
 11531 | Orc:1    | Found Pejan's Weapon Shoppe.
 11536 | Orc:1    | Found a burning altar of Makhleb.
 11615 | Orc:1    | Reached *** piety under Sif Muna
 12058 | D:5      | Bought a notched garnet ring for 135 gold pieces
 12090 | D:3      | Bought a copper ring for 155 gold pieces
 12282 | Orc:2    | Entered Level 2 of the Orcish Mines
 12284 | Orc:2    | Found Gobu's Assorted Antiques.
 12305 | Orc:2    | Found Qavir's Magic Scroll Shop.
 12313 | Orc:2    | Bought a scroll of blinking for 90 gold pieces
 12362 | Orc:1    | HP: 2/64 [warg (16)]
 12369 | Orc:1    | HP: 1/64 [warg (15)]
 12685 | D:10     | Gained mutation: You are partially covered in iridescent
                  | scales. (AC +2) [potion of mutation]
 12695 | D:10     | Learned a level 4 spell: Sticky Flame
 12770 | Lair:1   | Entered Level 1 of the Lair of Beasts
 13085 | Lair:1   | Learned a level 3 spell: Ozocubu's Armour
 13118 | Lair:1   | Noticed a minotaur
 13123 | Lair:1   | Noticed Zuwoupta's ghost (journeyman HuAr)
 13138 | Lair:1   | Found a runed translucent gate.
 13138 | Lair:1   | Found a runed translucent gate.
 13138 | Lair:1   | Found a runed translucent gate.
 13184 | Lair:1   | Reached XP level 12. HP: 47/70 MP: 19/23
 14451 | Lair:1   | Killed a minotaur
 14679 | Lair:1   | Killed Zuwoupta's ghost
 14840 | Lair:2   | Noticed a catoblepas
 14854 | Lair:2   | Killed a catoblepas
 14907 | Lair:2   | Reached skill level 1 in Ice Magic
 15065 | Lair:2   | Reached skill level 10 in Fire Magic
 15458 | Lair:2   | Found a hole to the Spider Nest.
 15858 | Lair:3   | Reached **** piety under Sif Muna
 15958 | Lair:3   | Reached XP level 13. HP: 67/74 MP: 19/26
 16279 | Lair:3   | Found a frozen archway.
 16296 | IceCv    | Entered an ice cave
 16697 | IceCv    | Learned a level 5 spell: Lightning Bolt
 18136 | Lair:3   | Reached skill level 10 in Spellcasting
 18716 | Lair:4   | Reached skill level 1 in Air Magic
 18724 | Lair:4   | Noticed Rupert
 18726 | Lair:4   | Reached skill level 1 in Shields
 19093 | Lair:4   | Killed Rupert
 19407 | Lair:3   | Learned a level 2 spell: Static Discharge
 19449 | Lair:4   | Found a staircase to the Shoals.
 20244 | Lair:4   | Reached ***** piety under Sif Muna
 20827 | Lair:5   | Reached XP level 14. HP: 71/81 MP: 23/28
 21090 | Lair:5   | Received a gift from Sif Muna
 21093 | Lair:5   | Got Sicoo's Handbook of Darkness and Envenoming {god gift}
 21860 | Lair:6   | Entered Level 6 of the Lair of Beasts
 22150 | Lair:6   | Found a staircase to the Slime Pits.
 22150 | Lair:6   | Found a viscous altar of Jiyva.
 22193 | Lair:6   | Slain by a spriggan

Illustrated notes

Levels and vault maps discovered:
D:1:      shiori_arrival_maze, layout_rooms, serial_forest,
          infiniplex_forest_end_2, infiniplex_forest_zigzag_2,
          infiniplex_forest_clump_cross, infiniplex_forest_clump_medium,
          infiniplex_forest_clump_cross, infiniplex_forest_end_3,
          infiniplex_forest_lined_2, infiniplex_forest_zigzag_1,
          grunt_decor_cap, serial_bayou_pond_a
D:2:      layout_basic, shapermc_ecumenical_altar_mp_urbaneastern, basic_altar
D:3:      layout_rooms, okawaru_trees_2, serial_shops, nicolae_diamond_shop,
          uniq_jessica
D:4:      gammafunk_cloud_chamber, layout_gridville, minmay_misc_feat_five
D:5:      layout_basic, minmay_temple_entry_statues_fountains, serial_shops,
          shop, uniq_duvessa, uniq_prince_ribbit1
D:6:      layout_basic, mainiacjoe_overflow_alcove_2
D:7:      minmay_chambers_of_sevens, layout_basic, kennysheep_nub
D:8:      layout_loops_ring, dpeg_lair_monsters, uniq_psyche
D:9:      layout_basic, nicolae_hepliaklqana_hazy_memory, marbit_many_paths,
          nicolae_concentric_dashed_squares_wild
D:10:     layout_loops_ring, david_orc_3
Temple:   dpeg_five_rooms_temple
Lair:1:   layout_chaotic_city, maelrawn_ghost_gauntlet_escape,
          beast_lair_carwin_1
Lair:2:   layout_long_grid, spider_nest_entry_web_field, gauntlet_entry_generic
Lair:3:   layout_cave_pods, portal_ice_cave_entry_pillars_1
Lair:4:   minmay_lair_oklob_tunnel, layout_small_grid,
          minmay_shoals_entry_centaurs, uniq_rupert
Lair:5:   layout_cave_pods, chequers_serial_rivers_micro_a,
          chequers_serial_rivers_large_a
Lair:6:   minmay_lair_end_enchanted_forest, layout_cave_shapes, slime_altar_1,
          serial_bayou_lagoon_a
Orc:1:    layout_caves, serial_shops, nicolae_diamond_shop, bloody_makhleb
Orc:2:    st_orc_town, layout_caves, serial_shops, nicolae_shop_trees,
          nicolae_shop_statue_plus, shop, nicolae_shop_behind_doors,
          nicolae_shop_stone

Skill      XL: |  1  2  3  4  5  6  7  8  9 10 11 12 13 14 |
---------------+-------------------------------------------+-----
Stealth        | 3 4 6 7 8 |  8.8
Spellcasting   | 3 4 5 6 7 9 10 11 | 11.1
Conjurations   | 2 3 4 5 6 8 |  8.3
Fire Magic     | 4 5 6 7 8 9 10 11 | 11.5
Short Blades   | 1 3 4 |  4.3
Fighting       | 1 2 |  2.5
Dodging        | 3 4 |  4.9
Invocations    | 1 3 5 6 8 |  8.4
Hexes          | 1 3 4 5 6 |  6.4
Summonings     | 1 3 4 6 |  6.4
Ice Magic      | 3 4 |  4.1
Air Magic      | 3 4 |  4.8
Shields        | 1 |  1.4
Evocations     | |  0.2

Action                   |  1- 3 |  4- 6 |  7- 9 | 10-12 | 13-15 || total
-------------------------+-------+-------+-------+-------+-------++-------
Melee: Unarmed           |     6 |       |       |       |       ||     6
       Constrict         |     3 |     4 |    14 |    13 |     4 ||    38
       Tentacles         |     1 |     4 |     9 |    25 |    10 ||    49
       Dagger            |       |    29 |    83 |    87 |    54 ||   253
 Cast: Foxfire           |    79 |    64 |    41 |   260 |   513 ||   957
       Inner Flame       |       |       |    18 |    54 |    32 ||   104
       Scorch            |       |       |     9 |    69 |    23 ||   101
       Summon Guardian G |       |       |     4 |     6 |    23 ||    33
       Flame Wave        |       |       |     1 |     8 |    23 ||    32
       Conjure Flame     |       |       |       |     8 |       ||     8
       Sticky Flame      |       |       |       |       |     6 ||     6
       Ozocubu's Armour  |       |       |       |       |     3 ||     3
Invok: Channel Magic     |       |       |       |       |     1 ||     1
Evoke: Wand              |       |     1 |       |       |     4 ||     5
       Box of beasts     |       |       |       |       |     1 ||     1
  Use: Scroll            |       |     8 |     4 |     8 |    11 ||    31
       Potion            |       |       |     2 |     4 |     9 ||    15
 Stab: Sleeping          |     1 |     4 |    13 |     8 |     6 ||    32
Armor: Skin              |       |    11 |    13 |    44 |   137 ||   205
Dodge: Dodged            |    11 |    17 |    52 |    74 |   126 ||   280
Block: Buckler           |       |       |       |    24 |    48 ||    72

Table legend: (Time is in decaauts)
 A = Elapsed time spent in this place.
 B = Non-inter-level travel time spent in this place.
 C = Inter-level travel time spent in this place.
 D = Time resting spent in this place.
 E = Time spent auto-exploring this place.
 F = Levels seen in this place.
 G = Mean time per level.
                   A        B        C        D        E       F      G
               +--------+--------+--------+--------+--------+-----+--------+
         Total |  22176 |  21301 |    875 |   2550 |  13380 |  20 | 1108.8 |
       Dungeon |  12041 |  11348 |    693 |    734 |   8118 |  10 | 1204.1 |
        Temple |    133 |     81 |     52 |      0 |     64 |   1 |  133.0 |
          Lair |   7597 |   7481 |    116 |    836 |   4761 |   6 | 1266.2 |
  Orcish Mines |    573 |    559 |     14 |      0 |    383 |   2 |  286.5 |
      Ice Cave |   1831 |   1831 |      0 |    980 |     54 |   1 | 1831.0 |
               +--------+--------+--------+--------+--------+-----+--------+

Top non-repeatable levels by time:
     D:7: 2158 daAuts
  Lair:1: 2056 daAuts
   IceCv: 1831 daAuts
  Lair:3: 1738 daAuts
  Lair:5: 1632 daAuts
     D:1: 1449 daAuts
    D:10: 1341 daAuts
  Lair:4: 1217 daAuts
     D:4: 1190 daAuts
     D:5: 1179 daAuts
     D:2: 1090 daAuts
     D:6: 1051 daAuts
     D:8: 984 daAuts
     D:9: 928 daAuts
  Lair:2: 890 daAuts
